[ AOE2 MATCH · #470682128 ]
Team RMMongols vs Goths
[ REPLAY ANALYSIS · EXTRACTED FROM THE RECORDED GAME ]
Feudal
11:40
Castle
16:47
Imperial
36:15
| APM avg | 45.4 |
| APM peak | 87 |
| eAPM avg | 14.0 |
| Villagers / military | 136 / 42 |
Focus
⚔️ 17.8% · 🌾 82.2%
Mangudai ×42
Feudal
14:54
Castle
20:29
Imperial
30:07
| APM avg | 16.3 |
| APM peak | 43 |
| eAPM avg | 10.4 |
| Villagers / military | 84 / 172 |
Focus
⚔️ 26.7% · 🌾 73.3%
Huskarl ×142 · Spearman ×25 · Bombard Cannon ×5
Feudal
13:33
Castle
24:26
Imperial
—
| APM avg | 19.3 |
| APM peak | 58 |
| eAPM avg | 13.9 |
| Villagers / military | 90 / 99 |
Focus
⚔️ 27.6% · 🌾 72.4%
Archer ×92 · Spearman ×5 · Mangonel ×2 · Trade Cart ×1
Feudal
11:15
Castle
16:59
Imperial
37:43
| APM avg | 32.7 |
| APM peak | 59 |
| eAPM avg | 16.2 |
| Villagers / military | 120 / 63 |
Focus
⚔️ 24.4% · 🌾 75.6%
Cavalry Archer ×28 · Skirmisher ×25 · Mangonel ×4 · Trebuchet (Packed) ×3 · Scorpion ×2 · Monk ×1
Feudal
11:17
Castle
19:58
Imperial
—
| APM avg | 39.5 |
| APM peak | 69 |
| eAPM avg | 20.9 |
| Villagers / military | 120 / 118 |
Focus
⚔️ 24.6% · 🌾 75.4%
Spearman ×111 · Fishing Ship ×7 · Scout Cavalry ×5 · Trade Cart ×3 · Knight ×2
Feudal
12:15
Castle
18:00
Imperial
37:02
| APM avg | 27.5 |
| APM peak | 58 |
| eAPM avg | 19.8 |
| Villagers / military | 175 / 106 |
Focus
⚔️ 30.3% · 🌾 69.7%
Knight ×42 · Militia ×37 · Fishing Ship ×17 · Spearman ×15 · Battering Ram ×9 · Demolition Raft ×2
Feudal
11:30
Castle
21:43
Imperial
41:59
| APM avg | 21.8 |
| APM peak | 46 |
| eAPM avg | 13.6 |
| Villagers / military | 92 / 151 |
Focus
⚔️ 22.2% · 🌾 77.8%
Knight ×72 · Camel Scout ×52 · Scout Cavalry ×20 · Battering Ram ×6 · Mangonel ×1
Feudal
12:04
Castle
16:27
Imperial
33:04
| APM avg | 27.7 |
| APM peak | 78 |
| eAPM avg | 14.6 |
| Villagers / military | 126 / 242 |
Focus
⚔️ 29.6% · 🌾 70.4%
Knight ×131 · Scout Cavalry ×106 · Coustillier ×5
Match map
Initial resources + every placement click. Lines = walls · curves = elevation contours. ◆ gold · ⬟ stone · ● berries · ✦ relic · ◌ wall gap
Your base· Open — unwalled flank
donkeykong05's base· ✓ Map-separated
tyco170's base· ✓ Map-separated
PongFongLong's base· ✓ Map-separated
DesveMX's base· ✓ Map-separated
PBILLOTTE's base· Open — 9t gap
YILDIRIM's base· ✓ Map-separated
Yes's base· ✓ Map-separated
Smoothed initial terrain · ◌ = detected wall gap · hover for details
Inputs per minute
— yougetcs - - donkeykong05
Build order — yougetcs
First 150 of 290 actions detected
| 0:01 | Create | Villager (Male) |
| 0:02 | Create | Villager (Male) |
| 0:02 | Create | Villager (Male) |
| 0:02 | Create | Villager (Male) |
| 0:03 | Build | House |
| 0:04 | Build | House |
| 1:30 | Create | Villager (Male) |
| 1:51 | Create | Villager (Male) |
| 1:51 | Create | Villager (Male) |
| 2:44 | Create | Villager (Male) |
| 2:55 | Create | Villager (Male) |
| 2:55 | Create | Villager (Male) |
| 3:27 | Create | Villager (Male) |
| 3:27 | Create | Villager (Male) |
| 3:28 | Create | Villager (Male) |
| 3:28 | Create | Villager (Male) |
| 3:53 | Build | Lumber Camp |
| 4:01 | Create | Villager (Male) |
| 4:01 | Create | Villager (Male) |
| 4:01 | Create | Villager (Male) |
| 4:19 | Create | Villager (Male) |
| 4:19 | Create | Villager (Male) |
| 4:36 | Build | House |
| 4:38 | Create | Villager (Male) |
| 4:38 | Create | Villager (Male) |
| 5:10 | Create | Villager (Male) |
| 5:10 | Create | Villager (Male) |
| 5:11 | Create | Villager (Male) |
| 5:24 | Create | Villager (Male) |
| 5:25 | Create | Villager (Male) |
| 6:06 | Create | Villager (Male) |
| 6:06 | Create | Villager (Male) |
| 6:09 | Build | Mill |
| 7:02 | Build | House |
| 7:50 | Build | Mining Camp |
| 8:35 | Research | Feudal Age |
| 8:42 | Build | House |
| 11:40 | Age | Feudal Age |
| 11:43 | Build | Blacksmith |
| 11:48 | Build | Market |
| 11:56 | Build | Mining Camp |
| 12:33 | Research | Loom |
| 14:07 | Research | Castle Age |
| 14:07 | Research | Castle Age |
| 14:55 | Research | Horse Collar |
| 14:55 | Research | Horse Collar |
| 15:07 | Build | Farm |
| 15:08 | Build | Farm |
| 15:09 | Build | Farm |
| 15:10 | Build | Farm |
| 15:12 | Build | Farm |
| 15:13 | Build | Farm |
| 15:22 | Build | Farm |
| 15:23 | Build | Farm |
| 15:25 | Build | Farm |
| 15:26 | Build | Farm |
| 15:56 | Build | Stone Wall |
| 16:38 | Create | Villager (Male) |
| 16:39 | Create | Villager (Male) |
| 16:47 | Age | Castle Age |
| 16:58 | Research | Heavy Plow |
| 16:58 | Research | Heavy Plow |
| 17:11 | Build | Castle |
| 17:18 | Build | Farm |
| 17:33 | Create | Villager (Male) |
| 17:40 | Build | House |
| 17:41 | Build | House |
| 17:45 | Build | House |
| 17:59 | Build | Stone Wall |
| 18:25 | Build | Stone Wall |
| 18:36 | Create | Villager (Male) |
| 18:36 | Create | Villager (Male) |
| 18:48 | Create | Villager (Male) |
| 18:48 | Create | Villager (Male) |
| 18:54 | Create | Mangudai |
| 18:54 | Create | Mangudai |
| 18:54 | Create | Mangudai |
| 18:54 | Create | Mangudai |
| 19:07 | Research | Fletching |
| 19:07 | Research | Fletching |
| 19:08 | Create | Mangudai |
| 19:08 | Create | Mangudai |
| 19:15 | Build | House |
| 19:16 | Build | House |
| 19:26 | Build | Gate |
| 20:08 | Build | Town Center |
| 20:12 | Research | Double-Bit Axe |
| 20:20 | Create | Villager (Male) |
| 20:20 | Create | Villager (Male) |
| 20:21 | Create | Villager (Male) |
| 20:21 | Create | Villager (Male) |
| 20:36 | Create | Villager (Male) |
| 20:37 | Create | Villager (Male) |
| 20:37 | Create | Villager (Male) |
| 20:58 | Create | Villager (Male) |
| 20:58 | Create | Villager (Male) |
| 21:08 | Create | Villager (Male) |
| 21:08 | Create | Villager (Male) |
| 21:22 | Create | Mangudai |
| 21:22 | Create | Mangudai |
| 21:33 | Create | Villager (Male) |
| 21:35 | Create | Villager (Male) |
| 22:19 | Create | Villager (Male) |
| 22:19 | Create | Villager (Male) |
| 22:19 | Create | Villager (Male) |
| 23:10 | Create | Villager (Male) |
| 23:10 | Create | Villager (Male) |
| 23:11 | Create | Villager (Male) |
| 23:11 | Create | Villager (Male) |
| 23:33 | Create | Mangudai |
| 23:34 | Create | Mangudai |
| 23:34 | Create | Mangudai |
| 23:34 | Create | Mangudai |
| 23:34 | Create | Mangudai |
| 24:06 | Build | University |
| 24:07 | Create | Villager (Male) |
| 24:07 | Create | Villager (Male) |
| 24:07 | Create | Villager (Male) |
| 24:07 | Create | Villager (Male) |
| 24:08 | Create | Villager (Male) |
| 24:17 | Build | Town Center |
| 24:21 | Create | Villager (Male) |
| 24:21 | Create | Villager (Male) |
| 26:31 | Create | Villager (Male) |
| 26:31 | Create | Villager (Male) |
| 26:31 | Create | Villager (Male) |
| 26:32 | Create | Villager (Male) |
| 26:32 | Create | Villager (Male) |
| 26:36 | Create | Villager (Male) |
| 26:36 | Create | Villager (Male) |
| 26:36 | Create | Villager (Male) |
| 26:36 | Create | Villager (Male) |
| 26:37 | Create | Villager (Male) |
| 26:45 | Research | Ballistics |
| 26:45 | Research | Ballistics |
| 26:52 | Build | Barracks |
| 27:00 | Create | Villager (Male) |
| 27:00 | Create | Villager (Male) |
| 27:04 | Create | Villager (Male) |
| 27:05 | Create | Villager (Male) |
| 27:06 | Create | Villager (Male) |
| 27:06 | Create | Villager (Male) |
| 27:22 | Build | Farm |
| 27:24 | Build | Farm |
| 27:25 | Build | Farm |
| 27:26 | Build | Farm |
| 27:27 | Build | Farm |
| 27:28 | Build | Farm |
| 27:31 | Build | Farm |
| 27:32 | Build | Farm |
Build order — donkeykong05
First 150 of 244 actions detected
| 0:04 | Build | House |
| 0:07 | Build | House |
| 0:08 | Create | Villager (Male) |
| 0:09 | Create | Villager (Male) |
| 0:33 | Create | Villager (Male) |
| 0:54 | Create | Villager (Male) |
| 1:37 | Create | Villager (Male) |
| 2:35 | Create | Villager (Male) |
| 2:36 | Create | Villager (Male) |
| 2:48 | Create | Villager (Male) |
| 2:48 | Create | Villager (Male) |
| 3:07 | Create | Villager (Male) |
| 3:55 | Create | Villager (Male) |
| 4:28 | Build | House |
| 4:44 | Build | House |
| 4:48 | Create | Villager (Male) |
| 4:49 | Create | Villager (Male) |
| 4:49 | Create | Villager (Male) |
| 5:11 | Create | Villager (Male) |
| 5:41 | Build | House |
| 5:47 | Create | Villager (Male) |
| 5:54 | Build | House |
| 5:57 | Create | Villager (Male) |
| 6:19 | Build | Mill |
| 6:24 | Create | Villager (Male) |
| 6:25 | Create | Villager (Male) |
| 6:36 | Create | Villager (Male) |
| 7:22 | Build | Mill |
| 7:26 | Create | Villager (Male) |
| 7:26 | Create | Villager (Male) |
| 7:37 | Build | House |
| 8:11 | Build | Lumber Camp |
| 8:16 | Create | Villager (Male) |
| 8:36 | Build | Palisade Wall |
| 8:48 | Create | Villager (Male) |
| 9:28 | Create | Villager (Male) |
| 10:10 | Build | House |
| 10:11 | Build | House |
| 10:15 | Create | Villager (Male) |
| 10:21 | Create | Villager (Male) |
| 10:45 | Build | Mining Camp |
| 10:46 | Create | Villager (Male) |
| 11:07 | Create | Villager (Male) |
| 11:28 | Build | Farm |
| 11:30 | Build | Farm |
| 11:32 | Build | Farm |
| 11:35 | Build | Farm |
| 11:40 | Build | Mining Camp |
| 11:44 | Create | Villager (Male) |
| 12:31 | Build | Farm |
| 12:33 | Build | Farm |
| 12:38 | Research | Feudal Age |
| 12:49 | Build | Farm |
| 12:57 | Create | Villager (Male) |
| 13:12 | Build | Farm |
| 13:14 | Build | Farm |
| 13:15 | Build | Farm |
| 13:49 | Create | Villager (Male) |
| 14:24 | Create | Villager (Male) |
| 14:54 | Age | Feudal Age |
| 14:59 | Build | Blacksmith |
| 15:04 | Research | Double-Bit Axe |
| 15:05 | Research | Horse Collar |
| 15:11 | Research | Gold Mining |
| 15:13 | Research | Stone Mining |
| 15:19 | Create | Villager (Male) |
| 15:21 | Build | Farm |
| 15:47 | Build | Farm |
| 16:05 | Build | Market |
| 16:12 | Build | Farm |
| 16:18 | Build | Farm |
| 16:29 | Create | Villager (Male) |
| 16:36 | Build | Farm |
| 16:38 | Create | Villager (Male) |
| 17:19 | Create | Villager (Male) |
| 17:40 | Research | Castle Age |
| 18:15 | Build | Farm |
| 18:18 | Build | Farm |
| 18:20 | Build | Farm |
| 18:41 | Build | Farm |
| 19:24 | Build | House |
| 19:26 | Build | House |
| 19:29 | Build | House |
| 20:29 | Age | Castle Age |
| 20:33 | Build | Town Center |
| 20:46 | Create | Villager (Male) |
| 20:46 | Create | Villager (Male) |
| 20:47 | Create | Villager (Male) |
| 21:07 | Build | Town Center |
| 21:28 | Create | Villager (Male) |
| 21:45 | Build | Barracks |
| 21:58 | Create | Villager (Male) |
| 22:07 | Create | Villager (Male) |
| 22:07 | Create | Villager (Male) |
| 22:08 | Create | Villager (Male) |
| 22:12 | Build | Farm |
| 22:14 | Create | Villager (Male) |
| 22:37 | Create | Villager (Male) |
| 23:15 | Create | Villager (Male) |
| 23:37 | Build | Castle |
| 23:43 | Create | Villager (Male) |
| 23:44 | Create | Villager (Male) |
| 23:52 | Research | Heavy Plow |
| 23:56 | Research | Bow Saw |
| 23:58 | Create | Villager (Male) |
| 24:01 | Create | Villager (Male) |
| 24:01 | Create | Villager (Male) |
| 24:05 | Create | Villager (Male) |
| 24:09 | Create | Villager (Male) |
| 24:09 | Create | Villager (Male) |
| 24:27 | Create | Villager (Male) |
| 24:36 | Build | Farm |
| 24:39 | Create | Villager (Male) |
| 24:42 | Create | Villager (Male) |
| 24:42 | Create | Villager (Male) |
| 24:50 | Create | Villager (Male) |
| 24:59 | Build | Farm |
| 25:18 | Build | Farm |
| 25:19 | Create | Villager (Male) |
| 25:35 | Create | Villager (Male) |
| 25:35 | Create | Villager (Male) |
| 25:44 | Build | Farm |
| 25:45 | Create | Villager (Male) |
| 25:54 | Create | Villager (Male) |
| 25:54 | Create | Villager (Male) |
| 25:57 | Research | Wheelbarrow |
| 26:27 | Build | Farm |
| 26:29 | Create | Villager (Male) |
| 26:36 | Build | Barracks |
| 26:40 | Build | Barracks |
| 26:51 | Research | Anarchy |
| 26:57 | Research | Imperial Age |
| 27:06 | Build | Farm |
| 27:12 | Create | Villager (Male) |
| 27:12 | Research | Loom |
| 27:15 | Create | Villager (Male) |
| 27:15 | Create | Villager (Male) |
| 27:21 | Build | Farm |
| 27:23 | Build | Farm |
| 27:25 | Build | Farm |
| 27:28 | Build | Farm |
| 27:31 | Create | Villager (Male) |
| 27:31 | Create | Villager (Male) |
| 27:46 | Research | Forging |
| 27:52 | Build | Farm |
| 27:56 | Build | Farm |
| 28:02 | Build | Farm |
| 28:12 | Build | Barracks |
| 28:17 | Research | Scale Mail Armor |
| 28:23 | Create | Villager (Male) |
Build order — tyco170
First 150 of 309 actions detected
| 0:03 | Research | Loom |
| 0:05 | Build | House |
| 0:09 | Build | House |
| 0:16 | Create | Villager (Male) |
| 0:16 | Create | Villager (Male) |
| 0:16 | Create | Villager (Male) |
| 1:32 | Create | Villager (Male) |
| 2:03 | Create | Villager (Male) |
| 2:13 | Build | Lumber Camp |
| 2:20 | Create | Villager (Male) |
| 2:59 | Create | Villager (Male) |
| 3:21 | Create | Villager (Male) |
| 3:28 | Build | House |
| 3:28 | Build | House |
| 3:32 | Create | Villager (Male) |
| 3:51 | Create | Villager (Male) |
| 4:00 | Build | House |
| 4:23 | Create | Villager (Male) |
| 4:57 | Build | House |
| 4:59 | Create | Villager (Male) |
| 5:00 | Create | Villager (Male) |
| 5:27 | Build | Mill |
| 5:37 | Create | Villager (Male) |
| 5:59 | Create | Villager (Male) |
| 6:24 | Build | Mill |
| 6:27 | Create | Villager (Male) |
| 6:28 | Create | Villager (Male) |
| 6:54 | Create | Villager (Male) |
| 7:36 | Create | Villager (Male) |
| 8:01 | Create | Villager (Male) |
| 8:23 | Build | Lumber Camp |
| 8:52 | Create | Villager (Male) |
| 8:53 | Create | Villager (Male) |
| 9:12 | Create | Villager (Male) |
| 9:20 | Create | Villager (Male) |
| 9:24 | Build | House |
| 9:25 | Build | House |
| 9:26 | Build | House |
| 9:27 | Build | House |
| 9:41 | Build | Farm |
| 9:42 | Build | Farm |
| 9:44 | Build | Farm |
| 9:45 | Create | Villager (Male) |
| 9:58 | Build | Palisade Wall |
| 10:03 | Build | Palisade Gate |
| 10:11 | Create | Villager (Male) |
| 10:37 | Build | Mining Camp |
| 10:40 | Create | Villager (Male) |
| 11:11 | Research | Feudal Age |
| 11:32 | Build | Barracks |
| 12:08 | Build | Outpost |
| 12:18 | Build | Outpost |
| 12:44 | Create | Villager (Male) |
| 12:44 | Create | Villager (Male) |
| 12:53 | Build | Outpost |
| 13:33 | Age | Feudal Age |
| 13:38 | Research | Gold Mining |
| 13:44 | Research | Double-Bit Axe |
| 14:11 | Build | Outpost |
| 14:22 | Build | Lumber Camp |
| 14:34 | Create | Villager (Male) |
| 14:35 | Create | Villager (Male) |
| 14:35 | Create | Villager (Male) |
| 14:37 | Create | Villager (Male) |
| 14:56 | Build | Farm |
| 15:07 | Build | Outpost |
| 15:17 | Create | Villager (Male) |
| 15:27 | Build | Archery Range |
| 15:39 | Create | Villager (Male) |
| 15:39 | Create | Villager (Male) |
| 16:04 | Build | Blacksmith |
| 16:07 | Create | Villager (Male) |
| 16:13 | Create | Archer |
| 16:14 | Create | Archer |
| 16:16 | Create | Archer |
| 16:36 | Create | Archer |
| 16:36 | Create | Archer |
| 17:05 | Build | Lumber Camp |
| 17:07 | Create | Archer |
| 17:17 | Build | Archery Range |
| 17:21 | Create | Villager (Male) |
| 17:27 | Create | Archer |
| 17:48 | Create | Villager (Male) |
| 18:00 | Research | Fletching |
| 18:00 | Research | Padded Archer Armor |
| 18:05 | Create | Archer |
| 18:19 | Build | Market |
| 18:22 | Create | Villager (Male) |
| 18:24 | Build | Farm |
| 18:35 | Create | Archer |
| 18:37 | Create | Archer |
| 18:38 | Create | Archer |
| 18:38 | Create | Archer |
| 18:38 | Create | Archer |
| 18:39 | Create | Archer |
| 18:40 | Create | Archer |
| 18:51 | Create | Villager (Male) |
| 18:52 | Build | Farm |
| 18:56 | Create | Villager (Male) |
| 19:15 | Build | Farm |
| 19:22 | Create | Spearman |
| 19:31 | Build | Farm |
| 19:42 | Create | Trade Cart |
| 19:44 | Build | House |
| 19:44 | Build | House |
| 19:45 | Build | House |
| 19:50 | Research | Town Watch |
| 19:54 | Create | Archer |
| 19:56 | Create | Archer |
| 20:00 | Build | House |
| 20:29 | Build | Farm |
| 20:31 | Create | Villager (Male) |
| 20:32 | Create | Villager (Male) |
| 20:47 | Build | Outpost |
| 20:50 | Build | Farm |
| 20:53 | Create | Villager (Male) |
| 21:45 | Research | Castle Age |
| 21:47 | Create | Archer |
| 21:48 | Create | Archer |
| 21:48 | Create | Archer |
| 22:05 | Create | Archer |
| 22:06 | Create | Archer |
| 22:17 | Build | House |
| 22:37 | Build | Archery Range |
| 22:38 | Build | Archery Range |
| 23:08 | Build | Farm |
| 23:28 | Build | Lumber Camp |
| 23:33 | Create | Archer |
| 23:36 | Create | Archer |
| 23:36 | Create | Archer |
| 23:37 | Create | Archer |
| 23:37 | Create | Archer |
| 23:37 | Create | Archer |
| 23:38 | Create | Archer |
| 23:38 | Create | Archer |
| 23:51 | Build | Lumber Camp |
| 24:09 | Create | Archer |
| 24:10 | Create | Archer |
| 24:10 | Create | Archer |
| 24:10 | Create | Archer |
| 24:26 | Age | Castle Age |
| 24:28 | Build | Outpost |
| 24:32 | Research | Crossbowman (upgrade) |
| 24:36 | Research | Thumb Ring |
| 24:46 | Build | House |
| 24:46 | Build | House |
| 24:54 | Build | Town Center |
| 24:56 | Research | Horse Collar |
| 25:02 | Build | House |
| 25:35 | Research | Bow Saw |
Build order — PongFongLong
First 150 of 283 actions detected
| 0:05 | Build | House |
| 0:07 | Build | House |
| 0:08 | Create | Villager (Male) |
| 0:09 | Research | Loom |
| 0:10 | Create | Villager (Male) |
| 0:10 | Create | Villager (Male) |
| 0:10 | Create | Villager (Male) |
| 1:39 | Create | Villager (Male) |
| 2:14 | Create | Villager (Male) |
| 2:23 | Build | Lumber Camp |
| 2:46 | Create | Villager (Male) |
| 3:13 | Create | Villager (Male) |
| 3:43 | Build | House |
| 3:55 | Create | Villager (Male) |
| 3:56 | Create | Villager (Male) |
| 4:22 | Create | Villager (Male) |
| 4:22 | Create | Villager (Male) |
| 5:01 | Create | Villager (Male) |
| 5:13 | Build | Mill |
| 5:17 | Create | Villager (Male) |
| 5:51 | Create | Villager (Male) |
| 6:00 | Build | House |
| 6:29 | Build | Mill |
| 6:33 | Create | Villager (Male) |
| 6:33 | Create | Villager (Male) |
| 6:46 | Create | Villager (Male) |
| 7:13 | Create | Villager (Male) |
| 7:55 | Build | House |
| 8:09 | Create | Villager (Male) |
| 8:31 | Build | House |
| 9:05 | Research | Feudal Age |
| 9:39 | Build | Outpost |
| 9:48 | Create | Villager (Male) |
| 9:48 | Create | Villager (Male) |
| 10:04 | Build | Mining Camp |
| 10:12 | Build | Mill |
| 10:26 | Build | Outpost |
| 11:15 | Age | Feudal Age |
| 11:28 | Build | Outpost |
| 11:41 | Create | Villager (Male) |
| 11:52 | Build | Market |
| 12:27 | Build | Palisade Wall |
| 12:27 | Build | Palisade Wall |
| 12:30 | Build | Palisade Wall |
| 12:31 | Build | Palisade Wall |
| 12:32 | Build | Palisade Wall |
| 12:34 | Build | Palisade Wall |
| 12:39 | Create | Villager (Male) |
| 12:40 | Create | Villager (Male) |
| 13:19 | Build | Watch Tower |
| 13:25 | Create | Villager (Male) |
| 13:26 | Create | Villager (Male) |
| 13:31 | Build | Blacksmith |
| 13:40 | Build | Farm |
| 14:16 | Build | Mining Camp |
| 14:18 | Research | Castle Age |
| 14:37 | Build | Palisade Wall |
| 14:38 | Build | Palisade Wall |
| 14:41 | Build | Palisade Wall |
| 14:42 | Build | Palisade Wall |
| 14:44 | Build | Palisade Wall |
| 14:46 | Build | Palisade Wall |
| 15:10 | Build | Outpost |
| 15:23 | Create | Villager (Male) |
| 15:27 | Build | House |
| 15:28 | Build | House |
| 16:02 | Research | Double-Bit Axe |
| 16:03 | Research | Horse Collar |
| 16:07 | Build | Farm |
| 16:38 | Research | Fletching |
| 16:59 | Age | Castle Age |
| 17:01 | Create | Villager (Male) |
| 17:46 | Build | Town Center |
| 17:51 | Create | Villager (Male) |
| 17:51 | Create | Villager (Male) |
| 17:51 | Create | Villager (Male) |
| 17:54 | Build | Farm |
| 18:00 | Build | Farm |
| 18:15 | Build | Lumber Camp |
| 18:23 | Create | Villager (Male) |
| 18:40 | Build | Farm |
| 19:12 | Create | Villager (Male) |
| 19:13 | Create | Villager (Male) |
| 19:31 | Build | Siege Workshop |
| 19:35 | Create | Villager (Male) |
| 19:35 | Create | Villager (Male) |
| 19:46 | Build | Barracks |
| 19:54 | Create | Villager (Male) |
| 19:54 | Create | Villager (Male) |
| 19:57 | Build | Farm |
| 20:15 | Research | Bow Saw |
| 20:36 | Create | Mangonel |
| 20:39 | Create | Villager (Male) |
| 20:51 | Build | Farm |
| 21:02 | Build | Farm |
| 21:05 | Create | Villager (Male) |
| 21:08 | Create | Villager (Male) |
| 21:18 | Build | Farm |
| 21:25 | Build | Farm |
| 21:27 | Create | Villager (Male) |
| 22:08 | Create | Villager (Male) |
| 22:08 | Create | Villager (Male) |
| 22:08 | Create | Villager (Male) |
| 22:11 | Build | House |
| 22:12 | Build | House |
| 22:14 | Build | House |
| 22:22 | Build | Farm |
| 22:28 | Build | Farm |
| 22:32 | Research | Town Watch |
| 23:06 | Build | Archery Range |
| 23:08 | Create | Villager (Male) |
| 23:08 | Create | Villager (Male) |
| 23:09 | Create | Villager (Male) |
| 23:16 | Build | Farm |
| 23:17 | Build | Farm |
| 23:17 | Build | Farm |
| 23:17 | Build | Farm |
| 23:18 | Build | Farm |
| 23:35 | Build | Archery Range |
| 23:37 | Research | Bodkin Arrow |
| 23:54 | Build | Farm |
| 23:55 | Build | Farm |
| 24:03 | Create | Cavalry Archer |
| 24:04 | Create | Cavalry Archer |
| 24:09 | Research | Padded Archer Armor |
| 24:27 | Create | Cavalry Archer |
| 24:41 | Research | Scale Barding Armor |
| 24:48 | Create | Mangonel |
| 24:51 | Build | Outpost |
| 24:51 | Create | Villager (Male) |
| 25:30 | Build | Lumber Camp |
| 25:46 | Create | Villager (Male) |
| 25:46 | Create | Villager (Male) |
| 25:46 | Create | Villager (Male) |
| 25:50 | Build | Farm |
| 25:56 | Build | Watch Tower |
| 26:03 | Research | Heavy Plow |
| 26:11 | Create | Villager (Male) |
| 26:11 | Create | Villager (Male) |
| 26:19 | Research | Gold Mining |
| 26:34 | Build | Farm |
| 26:35 | Create | Villager (Male) |
| 26:44 | Build | Mining Camp |
| 26:49 | Create | Villager (Male) |
| 27:02 | Build | Mining Camp |
| 27:06 | Build | Farm |
| 27:08 | Build | Farm |
| 27:08 | Create | Villager (Male) |
| 27:08 | Create | Villager (Male) |
| 27:23 | Build | Town Center |
Build order — DesveMX
First 150 of 353 actions detected
| 0:01 | Create | Villager (Male) |
| 0:01 | Create | Villager (Male) |
| 0:01 | Create | Villager (Male) |
| 0:13 | Create | Villager (Male) |
| 0:13 | Create | Villager (Male) |
| 1:26 | Create | Villager (Male) |
| 1:46 | Create | Villager (Male) |
| 1:46 | Create | Villager (Male) |
| 2:11 | Create | Villager (Male) |
| 2:15 | Build | Lumber Camp |
| 2:42 | Create | Villager (Male) |
| 2:42 | Create | Villager (Male) |
| 2:42 | Create | Villager (Male) |
| 3:36 | Create | Villager (Male) |
| 3:36 | Create | Villager (Male) |
| 3:53 | Create | Villager (Male) |
| 3:54 | Create | Villager (Male) |
| 3:54 | Create | Villager (Male) |
| 4:26 | Create | Villager (Male) |
| 4:50 | Build | Mill |
| 5:18 | Create | Villager (Male) |
| 5:18 | Create | Villager (Male) |
| 5:36 | Build | Mill |
| 5:52 | Create | Villager (Male) |
| 5:57 | Create | Villager (Male) |
| 6:27 | Create | Villager (Male) |
| 6:28 | Create | Villager (Male) |
| 6:28 | Create | Villager (Male) |
| 6:51 | Research | Loom |
| 6:51 | Create | Villager (Male) |
| 7:42 | Create | Villager (Male) |
| 8:04 | Create | Villager (Male) |
| 8:04 | Create | Villager (Male) |
| 8:05 | Create | Villager (Male) |
| 9:07 | Research | Feudal Age |
| 10:36 | Build | Barracks |
| 10:59 | Create | Villager (Male) |
| 11:00 | Create | Villager (Male) |
| 11:17 | Age | Feudal Age |
| 11:22 | Build | Stable |
| 11:51 | Create | Villager (Male) |
| 12:01 | Create | Scout Cavalry |
| 12:01 | Create | Scout Cavalry |
| 12:02 | Create | Spearman |
| 12:02 | Create | Spearman |
| 12:07 | Research | Double-Bit Axe |
| 12:08 | Research | Horse Collar |
| 12:08 | Research | Horse Collar |
| 12:22 | Build | Farm |
| 12:24 | Build | Farm |
| 12:42 | Build | Farm |
| 12:48 | Create | Villager (Male) |
| 12:49 | Create | Villager (Male) |
| 12:52 | Build | Farm |
| 12:53 | Build | Farm |
| 12:55 | Build | Farm |
| 13:00 | Build | Farm |
| 13:03 | Create | Scout Cavalry |
| 13:05 | Create | Scout Cavalry |
| 13:05 | Create | Scout Cavalry |
| 13:06 | Create | Villager (Male) |
| 13:10 | Build | Blacksmith |
| 13:18 | Build | Farm |
| 13:19 | Build | Farm |
| 13:43 | Research | Forging |
| 13:55 | Build | Mining Camp |
| 14:03 | Create | Villager (Male) |
| 14:32 | Create | Villager (Male) |
| 14:47 | Create | Villager (Male) |
| 14:47 | Create | Villager (Male) |
| 14:47 | Create | Villager (Male) |
| 15:01 | Build | Farm |
| 15:02 | Build | Farm |
| 16:06 | Build | Farm |
| 16:09 | Build | Farm |
| 16:12 | Build | Farm |
| 16:15 | Build | Farm |
| 16:18 | Build | Farm |
| 16:21 | Build | Farm |
| 16:23 | Build | Farm |
| 16:24 | Create | Villager (Male) |
| 16:26 | Create | Villager (Male) |
| 17:18 | Research | Castle Age |
| 18:01 | Build | Dock |
| 18:47 | Build | Lumber Camp |
| 19:36 | Create | Villager (Male) |
| 19:58 | Age | Castle Age |
| 20:24 | Research | Light Cavalry (upgrade) |
| 20:27 | Research | Forging |
| 20:30 | Research | Bow Saw |
| 20:31 | Research | Heavy Plow |
| 20:32 | Create | Villager (Male) |
| 20:32 | Create | Villager (Male) |
| 20:41 | Build | Town Center |
| 20:46 | Build | Town Center |
| 21:27 | Research | Scale Barding Armor |
| 22:27 | Build | Palisade Gate |
| 22:33 | Build | Palisade Wall |
| 22:56 | Create | Villager (Male) |
| 23:01 | Create | Villager (Male) |
| 23:01 | Create | Villager (Male) |
| 23:01 | Create | Villager (Male) |
| 23:02 | Create | Villager (Male) |
| 23:11 | Build | Farm |
| 23:13 | Build | Farm |
| 23:32 | Build | Palisade Wall |
| 23:45 | Create | Villager (Male) |
| 23:45 | Create | Villager (Male) |
| 23:46 | Create | Villager (Male) |
| 23:46 | Create | Villager (Male) |
| 23:46 | Create | Villager (Male) |
| 23:46 | Create | Villager (Male) |
| 23:46 | Create | Villager (Male) |
| 23:47 | Create | Villager (Male) |
| 23:47 | Create | Villager (Male) |
| 24:04 | Build | Market |
| 24:16 | Create | Fishing Ship |
| 24:17 | Create | Fishing Ship |
| 24:21 | Create | Villager (Male) |
| 24:21 | Create | Villager (Male) |
| 24:22 | Create | Villager (Male) |
| 24:22 | Create | Villager (Male) |
| 24:54 | Build | Gate |
| 25:00 | Build | Stone Wall |
| 25:09 | Build | Stone Wall |
| 25:19 | Create | Villager (Male) |
| 25:19 | Create | Villager (Male) |
| 25:19 | Create | Villager (Male) |
| 25:20 | Create | Villager (Male) |
| 25:20 | Create | Villager (Male) |
| 25:36 | Create | Trade Cart |
| 25:37 | Create | Trade Cart |
| 25:37 | Create | Trade Cart |
| 25:39 | Create | Villager (Male) |
| 25:39 | Create | Villager (Male) |
| 25:41 | Research | Wheelbarrow |
| 25:41 | Research | Town Watch |
| 25:44 | Create | Villager (Male) |
| 25:44 | Create | Villager (Male) |
| 25:45 | Create | Villager (Male) |
| 25:48 | Build | Farm |
| 25:48 | Build | Farm |
| 25:49 | Build | Farm |
| 25:49 | Build | Farm |
| 25:49 | Build | Farm |
| 25:49 | Build | Farm |
| 25:50 | Build | Farm |
| 25:50 | Build | Farm |
| 25:57 | Build | Farm |
| 25:57 | Build | Farm |
Build order — PBILLOTTE
First 150 of 523 actions detected
| 0:02 | Create | Villager (Male) |
| 0:02 | Create | Villager (Male) |
| 0:02 | Create | Villager (Male) |
| 0:04 | Build | House |
| 0:15 | Create | Villager (Male) |
| 0:15 | Create | Villager (Male) |
| 1:20 | Create | Villager (Male) |
| 1:20 | Create | Villager (Male) |
| 1:21 | Research | Loom |
| 2:16 | Build | House |
| 2:22 | Create | Villager (Male) |
| 2:23 | Create | Villager (Male) |
| 2:42 | Build | House |
| 3:00 | Build | House |
| 3:02 | Create | Villager (Male) |
| 3:03 | Create | Villager (Male) |
| 3:23 | Create | Villager (Male) |
| 3:23 | Create | Villager (Male) |
| 4:11 | Create | Villager (Male) |
| 4:24 | Create | Villager (Male) |
| 4:25 | Create | Villager (Male) |
| 4:57 | Create | Villager (Male) |
| 5:30 | Create | Villager (Male) |
| 5:31 | Create | Villager (Male) |
| 5:43 | Create | Villager (Male) |
| 6:01 | Create | Villager (Male) |
| 6:24 | Build | Mule Cart |
| 6:33 | Build | Mule Cart |
| 6:36 | Create | Villager (Male) |
| 6:49 | Build | Mill |
| 8:17 | Build | Dock |
| 8:23 | Create | Villager (Male) |
| 8:32 | Create | Villager (Male) |
| 8:41 | Create | Villager (Male) |
| 9:07 | Create | Villager (Male) |
| 9:16 | Build | Mule Cart |
| 9:19 | Build | House |
| 9:44 | Build | House |
| 9:46 | Build | House |
| 9:49 | Build | House |
| 9:52 | Create | Fishing Ship |
| 9:52 | Create | Fishing Ship |
| 10:05 | Research | Feudal Age |
| 10:38 | Create | Fishing Ship |
| 10:39 | Create | Fishing Ship |
| 11:01 | Create | Fishing Ship |
| 11:01 | Create | Fishing Ship |
| 11:23 | Build | House |
| 11:24 | Build | House |
| 11:26 | Build | House |
| 11:28 | Build | House |
| 11:53 | Create | Fishing Ship |
| 11:56 | Create | Villager (Male) |
| 11:57 | Create | Villager (Male) |
| 12:15 | Age | Feudal Age |
| 12:29 | Create | Demolition Raft |
| 12:35 | Create | Fishing Ship |
| 12:35 | Create | Fishing Ship |
| 12:42 | Build | Blacksmith |
| 13:07 | Create | Villager (Male) |
| 13:08 | Create | Villager (Male) |
| 13:16 | Build | Market |
| 13:39 | Build | Farm |
| 13:39 | Build | Farm |
| 13:41 | Build | Farm |
| 13:48 | Build | Farm |
| 13:59 | Build | Farm |
| 14:21 | Create | Demolition Raft |
| 14:25 | Create | Fishing Ship |
| 14:26 | Create | Fishing Ship |
| 14:48 | Create | Villager (Male) |
| 14:48 | Create | Villager (Male) |
| 15:20 | Research | Castle Age |
| 15:20 | Research | Castle Age |
| 15:27 | Create | Fishing Ship |
| 15:27 | Create | Fishing Ship |
| 15:27 | Create | Fishing Ship |
| 16:03 | Research | Double-Bit Axe |
| 16:25 | Research | Horse Collar |
| 16:32 | Create | Villager (Male) |
| 16:44 | Create | Villager (Male) |
| 16:56 | Create | Fishing Ship |
| 16:56 | Create | Fishing Ship |
| 17:00 | Create | Fishing Ship |
| 17:43 | Build | Barracks |
| 17:48 | Build | House |
| 18:00 | Age | Castle Age |
| 18:02 | Build | Town Center |
| 18:07 | Build | Town Center |
| 18:12 | Build | Town Center |
| 18:18 | Create | Villager (Male) |
| 18:20 | Research | Bow Saw |
| 18:42 | Create | Villager (Male) |
| 18:57 | Build | House |
| 18:58 | Build | House |
| 18:59 | Build | House |
| 19:16 | Create | Villager (Male) |
| 19:16 | Create | Villager (Male) |
| 19:16 | Create | Villager (Male) |
| 19:23 | Create | Villager (Male) |
| 19:23 | Create | Villager (Male) |
| 19:24 | Create | Villager (Male) |
| 19:27 | Create | Villager (Male) |
| 19:27 | Create | Villager (Male) |
| 19:28 | Create | Villager (Male) |
| 19:38 | Research | Heavy Plow |
| 20:01 | Create | Villager (Male) |
| 20:01 | Create | Villager (Male) |
| 20:13 | Create | Villager (Male) |
| 20:14 | Create | Villager (Male) |
| 20:22 | Build | Monastery |
| 20:24 | Build | Farm |
| 20:24 | Build | Farm |
| 20:24 | Build | Farm |
| 20:24 | Build | Farm |
| 20:25 | Build | Farm |
| 20:25 | Build | Farm |
| 20:25 | Build | Farm |
| 20:25 | Build | Farm |
| 20:26 | Build | Farm |
| 20:27 | Build | Farm |
| 20:27 | Build | Farm |
| 20:27 | Build | Farm |
| 20:28 | Build | Farm |
| 20:28 | Build | Farm |
| 20:28 | Build | Farm |
| 20:29 | Build | Farm |
| 20:30 | Create | Villager (Male) |
| 20:30 | Create | Villager (Male) |
| 20:37 | Create | Villager (Male) |
| 20:45 | Build | Farm |
| 20:45 | Build | Farm |
| 20:45 | Build | Farm |
| 20:46 | Build | Farm |
| 20:57 | Build | Stone Wall |
| 20:58 | Create | Villager (Male) |
| 20:59 | Create | Villager (Male) |
| 21:02 | Create | Villager (Male) |
| 21:11 | Build | Stable |
| 21:13 | Create | Villager (Male) |
| 21:13 | Create | Villager (Male) |
| 21:19 | Build | Farm |
| 21:23 | Build | Farm |
| 21:24 | Build | Farm |
| 21:29 | Create | Villager (Male) |
| 21:30 | Create | Villager (Male) |
| 21:32 | Build | Farm |
| 21:32 | Build | Farm |
| 21:32 | Build | Farm |
| 21:41 | Create | Villager (Male) |
Build order — YILDIRIM
First 150 of 247 actions detected
| 0:04 | Build | House |
| 0:06 | Build | House |
| 0:07 | Create | Villager (Male) ×4 |
| 1:31 | Create | Villager (Male) |
| 1:32 | Create | Villager (Male) |
| 1:57 | Create | Villager (Male) |
| 1:57 | Create | Villager (Male) |
| 2:28 | Create | Villager (Male) |
| 2:34 | Create | Villager (Male) |
| 2:34 | Create | Villager (Male) |
| 2:42 | Build | Lumber Camp |
| 2:57 | Create | Villager (Male) |
| 2:57 | Create | Villager (Male) |
| 3:29 | Create | Villager (Male) |
| 3:29 | Create | Villager (Male) |
| 3:34 | Build | House |
| 3:50 | Create | Villager (Male) |
| 3:50 | Create | Villager (Male) |
| 3:50 | Create | Villager (Male) |
| 4:31 | Create | Villager (Male) |
| 4:32 | Create | Villager (Male) |
| 5:07 | Build | Mill |
| 6:09 | Create | Villager (Male) |
| 6:09 | Create | Villager (Male) |
| 6:35 | Build | Mill |
| 6:45 | Create | Villager (Male) |
| 7:30 | Create | Villager (Male) |
| 7:41 | Build | House |
| 7:51 | Research | Loom |
| 8:25 | Create | Villager (Male) |
| 8:55 | Create | Villager (Male) |
| 9:07 | Research | Feudal Age |
| 9:46 | Build | Mill |
| 10:42 | Create | Villager (Male) |
| 10:43 | Create | Villager (Male) |
| 11:30 | Age | Feudal Age |
| 11:34 | Create | Villager (Male) |
| 11:41 | Build | Town Center |
| 11:50 | Research | Double-Bit Axe |
| 11:53 | Research | Horse Collar |
| 12:26 | Create | Villager (Male) |
| 12:37 | Create | Villager (Male) |
| 12:37 | Create | Villager (Male) |
| 12:51 | Build | House |
| 12:52 | Build | House |
| 13:00 | Build | Farm |
| 13:02 | Build | Farm |
| 13:06 | Create | Villager (Male) |
| 13:06 | Create | Villager (Male) |
| 13:07 | Create | Villager (Male) |
| 13:21 | Build | House |
| 13:23 | Build | Farm |
| 13:27 | Build | Farm |
| 13:46 | Build | Farm |
| 13:51 | Build | Farm |
| 14:20 | Build | Farm |
| 14:23 | Build | Farm |
| 14:33 | Create | Villager (Male) |
| 14:37 | Research | Wheelbarrow |
| 14:40 | Create | Villager (Male) |
| 14:51 | Create | Villager (Male) |
| 14:56 | Build | Farm |
| 14:58 | Build | Farm |
| 15:04 | Build | Farm |
| 15:09 | Create | Villager (Male) |
| 15:31 | Build | Farm |
| 15:57 | Build | Barracks |
| 16:11 | Create | Villager (Male) |
| 16:12 | Create | Villager (Male) |
| 16:20 | Create | Villager (Male) |
| 16:20 | Create | Villager (Male) |
| 16:42 | Create | Villager (Male) |
| 16:49 | Build | Farm |
| 16:57 | Build | Stable |
| 17:03 | Build | Farm |
| 17:04 | Build | Farm |
| 17:09 | Build | Farm |
| 17:27 | Build | Blacksmith |
| 17:36 | Build | Farm |
| 17:39 | Create | Villager (Male) |
| 17:49 | Build | House |
| 17:54 | Build | House |
| 17:56 | Build | House |
| 18:12 | Build | Farm |
| 18:15 | Create | Villager (Male) |
| 18:16 | Create | Villager (Male) |
| 18:18 | Create | Villager (Male) |
| 18:18 | Create | Villager (Male) |
| 18:40 | Build | Lumber Camp |
| 18:48 | Build | Farm |
| 18:57 | Research | Castle Age |
| 19:03 | Research | Castle Age |
| 19:19 | Build | Stable |
| 19:23 | Build | House |
| 19:32 | Create | Villager (Male) |
| 19:32 | Create | Villager (Male) |
| 19:47 | Create | Villager (Male) |
| 20:39 | Build | Stable |
| 20:45 | Build | Stable |
| 20:57 | Research | Scale Barding Armor |
| 20:59 | Research | Bloodlines |
| 21:03 | Create | Villager (Male) |
| 21:03 | Create | Villager (Male) |
| 21:03 | Create | Villager (Male) |
| 21:19 | Create | Villager (Male) |
| 21:19 | Create | Villager (Male) |
| 21:20 | Create | Villager (Male) |
| 21:43 | Age | Castle Age |
| 21:51 | Create | Knight ×5 |
| 21:51 | Create | Knight ×5 |
| 22:00 | Build | Town Center |
| 22:51 | Create | Knight ×3 |
| 23:06 | Create | Villager (Male) |
| 23:06 | Create | Villager (Male) |
| 23:07 | Create | Villager (Male) |
| 23:18 | Build | Farm |
| 23:19 | Build | Farm |
| 23:20 | Build | Farm |
| 23:27 | Build | Farm |
| 23:43 | Research | Chain Barding Armor |
| 23:48 | Create | Knight |
| 23:51 | Create | Villager (Male) |
| 23:51 | Create | Villager (Male) |
| 24:11 | Create | Villager (Male) |
| 24:12 | Create | Villager (Male) |
| 24:14 | Create | Villager (Male) |
| 24:14 | Create | Villager (Male) |
| 24:17 | Build | Farm |
| 24:17 | Build | Farm |
| 24:18 | Build | Farm |
| 24:18 | Build | Farm |
| 24:37 | Create | Knight ×2 |
| 24:47 | Build | House |
| 24:48 | Build | House |
| 24:49 | Build | House |
| 25:00 | Create | Knight ×2 |
| 25:05 | Create | Villager (Male) |
| 25:06 | Create | Villager (Male) |
| 25:08 | Create | Villager (Male) |
| 25:08 | Create | Villager (Male) |
| 25:23 | Create | Knight |
| 25:32 | Build | House |
| 25:33 | Build | House |
| 25:35 | Build | House |
| 25:47 | Create | Knight ×2 |
| 25:47 | Create | Knight ×2 |
| 25:58 | Research | Forging |
| 26:22 | Create | Knight ×3 |
| 26:26 | Build | House |
| 26:27 | Build | House |
Build order — Yes
First 150 of 412 actions detected
| 0:03 | Create | Villager (Male) |
| 0:03 | Create | Villager (Male) |
| 0:04 | Create | Villager (Male) |
| 0:04 | Create | Villager (Male) |
| 0:07 | Build | House |
| 0:10 | Build | House |
| 0:22 | Build | House |
| 0:25 | Build | House |
| 1:42 | Create | Villager (Male) |
| 1:43 | Create | Villager (Male) |
| 2:10 | Create | Villager (Male) |
| 2:11 | Create | Villager (Male) |
| 2:46 | Create | Villager (Male) |
| 2:46 | Create | Villager (Male) |
| 3:17 | Create | Villager (Male) |
| 3:18 | Create | Villager (Male) |
| 3:44 | Create | Villager (Male) |
| 3:44 | Create | Villager (Male) |
| 4:13 | Create | Villager (Male) |
| 4:13 | Create | Villager (Male) |
| 4:19 | Build | House |
| 4:39 | Create | Villager (Male) |
| 5:08 | Build | Mining Camp |
| 5:14 | Create | Villager (Male) |
| 5:14 | Create | Villager (Male) |
| 5:33 | Build | Mill |
| 5:40 | Create | Villager (Male) |
| 6:05 | Create | Villager (Male) |
| 6:51 | Create | Villager (Male) |
| 6:51 | Create | Villager (Male) |
| 6:52 | Create | Villager (Male) |
| 7:14 | Create | Villager (Male) |
| 8:01 | Create | Villager (Male) |
| 8:12 | Build | Lumber Camp |
| 8:19 | Create | Villager (Male) |
| 8:53 | Research | Double-Bit Axe |
| 9:24 | Build | Farm |
| 9:24 | Build | Farm |
| 9:25 | Build | Farm |
| 9:25 | Build | Farm |
| 9:35 | Build | House |
| 9:52 | Create | Villager (Male) |
| 9:54 | Research | Feudal Age |
| 11:31 | Create | Villager (Male) |
| 11:31 | Create | Villager (Male) |
| 11:34 | Create | Villager (Male) |
| 12:04 | Age | Feudal Age |
| 12:13 | Build | Blacksmith |
| 12:19 | Build | Market |
| 12:48 | Research | Bow Saw |
| 13:16 | Build | House |
| 13:28 | Build | Farm |
| 13:40 | Build | Farm |
| 13:47 | Research | Castle Age |
| 14:00 | Build | House |
| 14:12 | Build | Farm |
| 15:09 | Research | Horse Collar |
| 15:43 | Research | Heavy Plow |
| 16:01 | Build | Barracks |
| 16:12 | Create | Villager (Male) |
| 16:12 | Create | Villager (Male) |
| 16:13 | Create | Villager (Male) |
| 16:25 | Build | Farm |
| 16:26 | Build | Farm |
| 16:26 | Build | Farm |
| 16:27 | Age | Castle Age |
| 16:44 | Build | Stable |
| 16:57 | Build | Farm |
| 17:35 | Build | Town Center |
| 17:47 | Build | Town Center |
| 17:53 | Create | Villager (Male) |
| 17:53 | Create | Villager (Male) |
| 18:00 | Research | Light Cavalry (upgrade) |
| 18:01 | Research | Husbandry |
| 18:17 | Research | Husbandry |
| 18:20 | Create | Villager (Male) |
| 18:24 | Build | Farm |
| 18:31 | Research | Gold Mining |
| 18:35 | Create | Villager (Male) |
| 18:35 | Create | Villager (Male) |
| 19:03 | Research | Gold Shaft Mining |
| 19:06 | Create | Villager (Male) |
| 19:15 | Build | House |
| 19:16 | Build | House |
| 19:17 | Build | House |
| 19:30 | Build | House |
| 19:45 | Build | Farm |
| 19:53 | Create | Villager (Male) |
| 19:54 | Create | Villager (Male) |
| 19:54 | Create | Villager (Male) |
| 20:35 | Build | Town Center |
| 20:43 | Create | Villager (Male) |
| 20:43 | Create | Villager (Male) |
| 20:52 | Build | House |
| 21:14 | Create | Villager (Male) |
| 21:14 | Create | Villager (Male) |
| 21:15 | Create | Villager (Male) |
| 21:15 | Create | Villager (Male) |
| 21:32 | Build | Farm |
| 21:37 | Create | Villager (Male) |
| 21:37 | Create | Villager (Male) |
| 21:37 | Create | Villager (Male) |
| 21:53 | Build | Farm |
| 21:58 | Create | Villager (Male) |
| 21:58 | Create | Villager (Male) |
| 21:58 | Create | Villager (Male) |
| 22:26 | Build | Farm |
| 22:29 | Create | Villager (Male) |
| 22:29 | Create | Villager (Male) |
| 22:30 | Create | Villager (Male) |
| 22:30 | Create | Villager (Male) |
| 22:40 | Create | Villager (Male) |
| 22:40 | Create | Villager (Male) |
| 22:41 | Create | Villager (Male) |
| 22:44 | Create | Villager (Male) |
| 22:44 | Create | Villager (Male) |
| 22:44 | Create | Villager (Male) |
| 22:54 | Build | Farm |
| 23:05 | Create | Villager (Male) |
| 23:05 | Create | Villager (Male) |
| 23:05 | Create | Villager (Male) |
| 23:05 | Create | Villager (Male) |
| 23:10 | Build | Farm |
| 23:27 | Build | Farm |
| 23:36 | Create | Villager (Male) |
| 23:36 | Create | Villager (Male) |
| 23:37 | Create | Villager (Male) |
| 23:37 | Create | Villager (Male) |
| 23:48 | Research | Stone Mining |
| 23:48 | Research | Stone Mining |
| 23:53 | Build | Farm |
| 24:05 | Build | House |
| 24:11 | Build | House |
| 24:24 | Build | Farm |
| 24:29 | Research | Forging |
| 24:34 | Create | Villager (Male) |
| 24:34 | Create | Villager (Male) |
| 24:34 | Create | Villager (Male) |
| 24:35 | Create | Villager (Male) |
| 24:35 | Create | Villager (Male) |
| 24:35 | Create | Villager (Male) |
| 24:42 | Build | House |
| 24:43 | Build | House |
| 24:55 | Build | Gate |
| 25:01 | Build | Farm |
| 25:09 | Build | Farm |
| 25:12 | Create | Villager (Male) |
| 25:12 | Create | Villager (Male) |
| 25:12 | Create | Villager (Male) |
| 25:26 | Build | Farm |
Match timeline
| 8:17 | PBILLOTTE · first_building Dock |
| 8:36 | donkeykong05 · wall_segment Palisade Wall x8 |
| 9:58 | tyco170 · wall_segment Palisade Wall x18 |
| 10:36 | DesveMX · first_building Barracks |
| 11:15 | PongFongLong · age_up feudal |
| 11:17 | DesveMX · age_up feudal |
| 11:22 | DesveMX · first_building Stable |
| 11:30 | YILDIRIM · age_up feudal |
| 11:32 | tyco170 · first_building Barracks |
| 11:40 | yougetcs · age_up feudal |
| 12:04 | Yes · age_up feudal |
| 12:15 | PBILLOTTE · age_up feudal |
| 12:27 | PongFongLong · wall_segment Palisade Wall x1 |
| 12:27 | PongFongLong · wall_segment Palisade Wall x1 |
| 12:30 | PongFongLong · wall_segment Palisade Wall x1 |
| 12:31 | PongFongLong · wall_segment Palisade Wall x1 |
| 12:32 | PongFongLong · wall_segment Palisade Wall x1 |
| 12:34 | PongFongLong · wall_segment Palisade Wall x1 |
| 13:33 | tyco170 · age_up feudal |
| 14:37 | PongFongLong · wall_segment Palisade Wall x1 |
| 14:38 | PongFongLong · wall_segment Palisade Wall x1 |
| 14:41 | PongFongLong · wall_segment Palisade Wall x1 |
| 14:42 | PongFongLong · wall_segment Palisade Wall x1 |
| 14:44 | PongFongLong · wall_segment Palisade Wall x1 |
| 14:46 | PongFongLong · wall_segment Palisade Wall x1 |
| 14:54 | donkeykong05 · age_up feudal |
| 15:27 | tyco170 · first_building Archery Range |
| 15:56 | yougetcs · wall_segment Stone Wall x10 |
| 15:57 | YILDIRIM · first_building Barracks |
| 16:01 | Yes · first_building Barracks |
| 16:27 | Yes · age_up castle |
| 16:44 | Yes · first_building Stable |
| 16:47 | yougetcs · age_up castle |
| 16:57 | YILDIRIM · first_building Stable |
| 16:59 | PongFongLong · age_up castle |
| 17:11 | yougetcs · first_building Castle |
| 17:26 | PongFongLong · first_market_buy 100 wood |
| 17:43 | PBILLOTTE · first_building Barracks |
| 17:59 | yougetcs · wall_segment Stone Wall x14 |
| 18:00 | PBILLOTTE · age_up castle |
| 18:01 | DesveMX · first_building Dock |
| 18:25 | yougetcs · wall_segment Stone Wall x7 |
| 19:31 | PongFongLong · first_building Siege Workshop |
| 19:38 | tyco170 · first_market_buy 100 food |
| 19:46 | PongFongLong · first_building Barracks |
| 19:58 | DesveMX · age_up castle |
| 20:19 | Yes · first_market_buy 100 wood |
| 20:22 | PBILLOTTE · first_building Monastery |
| 20:29 | donkeykong05 · age_up castle |
| 20:57 | PBILLOTTE · wall_segment Stone Wall x20 |
| 21:11 | PBILLOTTE · first_building Stable |
| 21:43 | YILDIRIM · age_up castle |
| 21:45 | donkeykong05 · first_building Barracks |
| 22:33 | DesveMX · wall_segment Palisade Wall x3 |
| 23:06 | PongFongLong · first_building Archery Range |
| 23:21 | PBILLOTTE · first_market_sell 100 wood |
| 23:23 | PBILLOTTE · first_market_buy 100 stone |
| 23:32 | DesveMX · wall_segment Palisade Wall x1 |
| 23:37 | donkeykong05 · first_building Castle |
| 24:26 | tyco170 · age_up castle |
| 25:00 | DesveMX · wall_segment Stone Wall x4 |
| 25:09 | DesveMX · wall_segment Stone Wall x5 |
| 26:50 | Yes · first_building Castle |
| 26:52 | yougetcs · first_building Barracks |
| 27:03 | DesveMX · first_market_buy 100 wood |
| 27:09 | PBILLOTTE · first_building Castle |
| 27:15 | tyco170 · first_building Siege Workshop |
| 27:51 | YILDIRIM · first_building Siege Workshop |
| 28:55 | PBILLOTTE · tribute_sent a jugador 1 |
| 28:55 | PBILLOTTE · tribute_sent a jugador 2 |
| 28:55 | PBILLOTTE · tribute_sent a jugador 3 |
| 28:55 | PBILLOTTE · tribute_sent a jugador 4 |
| 28:55 | PBILLOTTE · tribute_sent a jugador 6 |
| 28:55 | PBILLOTTE · tribute_sent a jugador 7 |
| 28:55 | PBILLOTTE · tribute_sent a jugador 8 |
| 30:07 | donkeykong05 · age_up imperial |
| 31:22 | PBILLOTTE · tribute_sent a jugador 1 |
| 31:22 | PBILLOTTE · tribute_sent a jugador 2 |
| 31:22 | PBILLOTTE · tribute_sent a jugador 3 |
| 31:22 | PBILLOTTE · tribute_sent a jugador 4 |
| 31:22 | PBILLOTTE · tribute_sent a jugador 6 |
| 31:22 | PBILLOTTE · tribute_sent a jugador 7 |
| 31:22 | PBILLOTTE · tribute_sent a jugador 8 |
| 31:38 | PongFongLong · first_building Castle |
| 31:59 | yougetcs · first_building Archery Range |
| 32:04 | yougetcs · first_building Stable |
| 32:08 | yougetcs · first_building Monastery |
| 32:15 | donkeykong05 · first_building Siege Workshop |
| 33:04 | Yes · age_up imperial |
| 33:16 | PBILLOTTE · tribute_sent a jugador 1 |
| 33:16 | PBILLOTTE · tribute_sent a jugador 2 |
| 33:16 | PBILLOTTE · tribute_sent a jugador 3 |
| 33:16 | PBILLOTTE · tribute_sent a jugador 4 |
| 33:16 | PBILLOTTE · tribute_sent a jugador 6 |
| 33:16 | PBILLOTTE · tribute_sent a jugador 7 |
| 33:16 | PBILLOTTE · tribute_sent a jugador 8 |
| 34:02 | PBILLOTTE · first_building Siege Workshop |
| 34:14 | PongFongLong · first_market_sell 100 food |
| 35:34 | tyco170 · wall_segment Stone Wall x6 |
| 35:44 | PongFongLong · first_building Monastery |
| 36:00 | PBILLOTTE · tribute_sent a jugador 1 |
| 36:00 | PBILLOTTE · tribute_sent a jugador 2 |
| 36:00 | PBILLOTTE · tribute_sent a jugador 3 |
| 36:00 | PBILLOTTE · tribute_sent a jugador 4 |
| 36:00 | PBILLOTTE · tribute_sent a jugador 6 |
| 36:00 | PBILLOTTE · tribute_sent a jugador 7 |
| 36:00 | PBILLOTTE · tribute_sent a jugador 8 |
| 36:13 | PongFongLong · first_building Stable |
| 36:15 | yougetcs · age_up imperial |
| 36:23 | yougetcs · first_market_buy 100 stone |
| 36:30 | DesveMX · first_building Castle |
| 36:35 | yougetcs · first_market_sell 100 food |
| 37:02 | PBILLOTTE · age_up imperial |
| 37:06 | YILDIRIM · first_market_buy 100 stone |
| 37:36 | tyco170 · wall_segment Stone Wall x11 |
| 37:43 | PongFongLong · age_up imperial |
| 38:06 | YILDIRIM · first_building Monastery |
| 38:34 | yougetcs · wall_segment Stone Wall x1 |
| 38:41 | yougetcs · wall_segment Stone Wall x4 |
| 41:55 | DesveMX · first_market_sell 100 stone |
| 41:59 | YILDIRIM · age_up imperial |
| 42:01 | PBILLOTTE · tribute_sent a jugador 1 |
| 42:01 | PBILLOTTE · tribute_sent a jugador 2 |
| 42:01 | PBILLOTTE · tribute_sent a jugador 3 |
| 42:01 | PBILLOTTE · tribute_sent a jugador 4 |
| 42:01 | PBILLOTTE · tribute_sent a jugador 6 |
| 42:01 | PBILLOTTE · tribute_sent a jugador 7 |
| 42:01 | PBILLOTTE · tribute_sent a jugador 8 |
| 42:11 | yougetcs · resign |
| 42:57 | DesveMX · first_building Siege Workshop |
[ AI ANALYSIS · 1 CREDIT ]
What really happened in this match?
Wolo.gg analyzes every decision: build order, eco, micro, common mistakes by bracket. Personalized analysis on WhatsApp or Discord in 30 seconds.
Civ guide
Mongols
Map guide
MegaRandom
Perfil
yougetcs